[Event "ICC tourney 3043 (15 5)"]
[Site "Internet Chess Club"]
[Date "2022.10.30"]
[Round "1"]
[White "SHANYUAN LI, SIMON:SimonLi-W"]
[Black "LI, FLORA:FloraLi-W"]
[Result "0-1"]
[ICCResult "White checkmated"]
[WhiteElo "622"]
[BlackElo "193"]
[Opening "Giuoco Pianissimo: Italian four knights variation"]
[ECO "C50"]
[NIC "IG.02"]
[Time "12:00:21"]
[PlyCount "96"]
[TimeControl "900+5"]

1. e4 e5 2. Nf3 Nc6 3. Bc4 Bc5 4. Nc3 Nf6 5. d3 h6 6. h3 d6 7. Be3 Bxe3 8.
fxe3 Be6 9. Nd5 Bxd5 10. Bxd5 Nxd5 11. exd5 Ne7 12. e4 O-O 13. O-O c6 14. c4
cxd5 15. cxd5 Ng6 16. Qb3 b6 17. Rac1 Rc8 18. Rxc8 Qxc8 19. Qc3 Nf4 20. Re1
Qxc3 21. bxc3 Nxd3 22. Re3 Nf4 23. Kh2 f5 24. exf5 Rxf5 25. g4 Nxd5 26. Rd3
Rf6 27. Nxe5 dxe5 28. Rxd5 Rf2+ 29. Kg3 Rxa2 30. Rxe5 a5 31. Kf3 a4 32. Ra5
Ra3 33. Kg2 Ra2+ 34. Kf3 bxa5 35. Ke3 a3 36. c4 Rb2 37. c5 a2 38. c6 a1=Q
39. c7 Qc1+ 40. Kf3 Qxc7 41. Ke3 Qc3+ 42. Kf4 Rb4+ 43. Kf5 Qc5+ 44. Ke6 Rb6+
45. Kd7 Qc6+ 46. Ke7 Rb7+ 47. Kd8 Qc7+ 48. Ke8 Qc8# {White checkmated} 0-1

[Event "ICC tourney 3043 (15 5)"]
[Site "Internet Chess Club"]
[Date "2022.10.30"]
[Round "1"]
[White "XU, AMY:AmyXu-W"]
[Black "GONG, JONATHAN:JonathanGong-W"]
[Result "1/2-1/2"]
[ICCResult "Game drawn by mutual agreement"]
[WhiteElo "393"]
[BlackElo "861"]
[Opening "QGD: 4.Bg5"]
[ECO "D50"]
[NIC "QO.16"]
[Time "12:00:18"]
[PlyCount "56"]
[TimeControl "900+5"]

1. d4 Nf6 2. c4 e6 3. Nc3 d5 4. Bg5 h6 5. Bxf6 Qxf6 6. cxd5 Bb4 7. a3 Bxc3+
8. bxc3 exd5 9. Nf3 O-O 10. e3 Bg4 11. Be2 Nd7 12. h3 Bh5 13. O-O Rfe8 14.
Re1 Rad8 15. Qb3 Nb6 16. Rad1 c6 17. Nd2 Bxe2 18. Rxe2 Qe7 19. Nf3 Nc4 20.
Rb1 Nxa3 21. Rbb2 Nb5 22. Ne5 f6 23. Ng6 Qd6 24. Nf4 b6 25. c4 dxc4 26.
Qxc4+ Kh7 27. Qd3+ Kg8 28. Qc4+ Kh7 {Game drawn by mutual agreement} 1/2-1/2

[Event "ICC tourney 3043 (15 5)"]
[Site "Internet Chess Club"]
[Date "2022.10.30"]
[Round "1"]
[White "PENG YU, BILL:BillYu-W"]
[Black "XING LIU, BRANDON:BrandonLiu-W"]
[Result "1-0"]
[ICCResult "Black checkmated"]
[WhiteElo "488"]
[BlackElo "970"]
[Opening "French: Two knights variation"]
[ECO "C00"]
[NIC "FR.01"]
[Time "11:59:52"]
[PlyCount "83"]
[TimeControl "900+5"]

1. e4 e6 2. Nf3 d5 3. Nc3 dxe4 4. Nxe4 Nf6 5. Nc3 Bd6 6. Bc4 O-O 7. O-O Nc6
8. d4 Qe7 9. Re1 Qd8 10. Bg5 h6 11. Bh4 b6 12. d5 Na5 13. Bb5 Bb7 14. a3 a6
15. b4 axb5 16. bxa5 exd5 17. Nxb5 Be7 18. axb6 cxb6 19. h3 g5 20. Bg3 Ne4
21. Bc7 Qd7 22. Ne5 Qc6 23. Nxc6 Bxc6 24. Nd4 Bb7 25. Bxb6 Bxa3 26. f3 Nc3
27. Qd3 Bb4 28. Rxa8 Rxa8 29. Ne2 Ba6 30. Qe3 Nxe2+ 31. Rxe2 Bxe2 32. Qxe2
Ra1+ 33. Kf2 Ra2 34. Ke3 Ra3+ 35. Kd4 Bc3+ 36. Kxd5 Ba5 37. Qe8+ Kg7 38.
Bd4+ Kg6 39. g4 Kh7 40. Kd6 Bb4+ 41. Kd7 Ra1 42. Qxf7# {Black checkmated}
1-0

[Event "ICC tourney 3043 (15 5)"]
[Site "Internet Chess Club"]
[Date "2022.10.30"]
[Round "1"]
[White "ROSS, PHILIP:PhilipRoss-W"]
[Black "AMY SONG, XINWEI:AmySong-W"]
[Result "1-0"]
[ICCResult "Black checkmated"]
[WhiteElo "876"]
[BlackElo "398"]
[Opening "Two knights defense (Modern bishop's opening)"]
[ECO "C55"]
[NIC "IG.01"]
[Time "11:59:38"]
[PlyCount "121"]
[TimeControl "900+5"]

1. e4 e5 2. Nf3 Nc6 3. Bc4 Nf6 4. d3 h6 5. Be3 Be7 6. O-O O-O 7. Nc3 d6 8.
Qd2 Be6 9. Rad1 a6 10. Bxe6 fxe6 11. d4 b5 12. a3 exd4 13. Nxd4 Nxd4 14.
Bxd4 c5 15. Be3 d5 16. exd5 exd5 17. Nxd5 Nxd5 18. Qxd5+ Qxd5 19. Rxd5 Rad8
20. Rfd1 Rxd5 21. Rxd5 Rd8 22. Rxd8+ Bxd8 23. Bxc5 Kf7 24. Kf1 Bc7 25. h3
Be5 26. c3 a5 27. Ke2 Ke6 28. Kf3 Kd5 29. Bb6 a4 30. Ke3 Kc4 31. f4 Bf6 32.
Kd2 Kb3 33. Kc1 g5 34. fxg5 Bxg5+ 35. Kb1 h5 36. Bf2 h4 37. Be1 Bf6 38. Ka1
Kc2 39. g3 hxg3 40. Bxg3 Kb3 41. Be1 Kc4 42. Ka2 Kd3 43. h4 Ke4 44. h5 Kf5
45. h6 Kg5 46. Bd2+ Kg6 47. Kb1 Kh7 48. Kc2 Be5 49. Kd3 Bf6 50. Ke4 Bh8 51.
Kd5 Bf6 52. Kc5 Be7+ 53. Kxb5 Bxa3 54. bxa3 Kh8 55. c4 Kh7 56. c5 Kg8 57. c6
Kh7 58. c7 Kg6 59. c8=Q Kh5 60. Qf5+ Kh4 61. Be1# {Black checkmated} 1-0

[Event "ICC tourney 3043 (15 5)"]
[Site "Internet Chess Club"]
[Date "2022.10.30"]
[Round "1"]
[White "FAN, MICHAEL:MichaelFan-W"]
[Black "HUANG,JAYDEN:JaydenHuang-W"]
[Result "0-1"]
[ICCResult "White checkmated"]
[WhiteElo "225"]
[BlackElo "686"]
[Opening "Giuoco Piano: four knights variation"]
[ECO "C47"]
[NIC "KP.06"]
[Time "11:59:30"]
[PlyCount "78"]
[TimeControl "900+5"]

1. e4 e5 2. Nf3 Nc6 3. Nc3 Nf6 4. Bc4 Bc5 5. O-O d6 6. d3 h6 7. a3 O-O 8. h3
a6 9. b4 Ba7 10. Qe2 b5 11. Bb3 Nd4 12. Nxd4 Bxd4 13. Qe1 Be6 14. Bxe6 fxe6
15. Qe2 Bxc3 16. Ra2 d5 17. Rd1 Bd4 18. Bb2 Bxb2 19. Rxb2 Qe7 20. c4 bxc4
21. dxc4 Nxe4 22. Qe3 c6 23. cxd5 cxd5 24. Rc2 Qd7 25. Rd3 Qa7 26. Qe2 Nxf2
27. Rdd2 Ne4+ 28. Kh1 Nxd2 29. Rxd2 Rac8 30. Rd1 Qb6 31. Qxe5 Rf5 32. Qe2
Qd6 33. g4 Rf4 34. Qh2 Rcf8 35. Qg1 Qc6 36. Kh2 Qc2+ 37. Kh1 Qe4+ 38. Kh2
Rf2+ 39. Qg2 Qxg2# {White checkmated} 0-1

[Event "ICC tourney 3043 (15 5)"]
[Site "Internet Chess Club"]
[Date "2022.10.30"]
[Round "1"]
[White "HE, ANNA:AnnaHe-W"]
[Black "ZHEN JR, ANDREW:AndrewZhen-W"]
[Result "0-1"]
[ICCResult "White checkmated"]
[WhiteElo "333"]
[BlackElo "827"]
[Opening "Giuoco Piano: four knights variation"]
[ECO "C47"]
[NIC "KP.06"]
[Time "12:00:20"]
[PlyCount "136"]
[TimeControl "900+5"]

1. e4 e5 2. Nf3 Nc6 3. Nc3 Nf6 4. Bc4 Bc5 5. O-O O-O 6. d3 h6 7. h3 d6 8.
Be3 Bxe3 9. fxe3 a6 10. d4 exd4 11. exd4 Ne7 12. Re1 b5 13. Bf1 Ng6 14. b3
Re8 15. Qd3 Bb7 16. Nd2 Re7 17. g3 Qe8 18. Bg2 Rd8 19. Bf3 Re6 20. a4 b4 21.
Nd1 Qe7 22. Nf2 Re8 23. Re2 Ra8 24. Rae1 Qd7 25. Ng4 Qd8 26. Nxf6+ Qxf6 27.
Rf1 Qg5 28. Rg2 a5 29. Qb5 Qxb5 30. axb5 Re7 31. Re1 Rb8 32. Nc4 Bc8 33.
Nxa5 Bxh3 34. Rh2 Bd7 35. Be2 Bxb5 36. Bxb5 Rxb5 37. Nc4 d5 38. Nd2 dxe4 39.
Rxe4 Rxe4 40. Nxe4 Rd5 41. Rd2 f6 42. c3 bxc3 43. Nxc3 Rd8 44. d5 Kf7 45. b4
Ne5 46. Ne4 Nf3+ 47. Kf2 Nxd2 48. Ke3 Nxe4 49. Kxe4 g5 50. Kd4 Kg6 51. Kc5
Kf5 52. b5 Ke5 53. Kc6 Rxd5 54. b6 cxb6 55. Kxb6 Ke4 56. g4 Kf4 57. Kc6 Rd1
58. Kc5 Kxg4 59. Kc4 h5 60. Kc3 h4 61. Kc2 Rd8 62. Kc3 h3 63. Kc4 h2 64. Kc5
h1=Q 65. Kc4 Qd5+ 66. Kb4 Rc8 67. Ka4 Rb8 68. Ka3 Qb3# {White checkmated}
0-1

[Event "ICC tourney 3043 (15 5)"]
[Site "Internet Chess Club"]
[Date "2022.10.30"]
[Round "1"]
[White "HU, SHIRLEY:ShirleyHu-W"]
[Black "XIANGBO GU, ANDREW:AndrewGu-WING"]
[Result "0-1"]
[ICCResult "White forfeits on time"]
[WhiteElo "380"]
[BlackElo "851"]
[Opening "Giuoco Pianissimo: Italian four knights variation"]
[ECO "C50"]
[NIC "IG.02"]
[Time "12:00:19"]
[PlyCount "88"]
[TimeControl "900+5"]

1. e4 e5 2. Nf3 Nc6 3. Bc4 Bc5 4. Nc3 Nf6 5. d3 h6 6. O-O O-O 7. h3 d6 8. a3
a6 9. b4 Bd4 10. Nxd4 exd4 11. Nd5 Ne5 12. Bf4 c6 13. Bxe5 dxe5 14. Nxf6+
Qxf6 15. Re1 Be6 16. Bxe6 Qxe6 17. Qf3 f5 18. exf5 Rxf5 19. Qg4 Rf6 20.
Qxe6+ Rxe6 21. c4 Rae8 22. Re4 Kf7 23. g4 Rf6 24. Rae1 Rfe6 25. c5 g5 26.
Kg2 Kf6 27. Kg3 Rb8 28. h4 b6 29. hxg5+ hxg5 30. cxb6 Rxb6 31. Rf1 Rb5 32.
f3 a5 33. bxa5 Rxa5 34. Ra1 c5 35. a4 Rea6 36. Rae1 Re6 37. Ra1 Ke7 38. Kf2
Kd6 39. Ke2 Kd5 40. Kd2 c4 41. dxc4+ Kxc4 42. Kc2 Rf6 43. Rf1 Rxa4 44. Rxe5
d3+ {White forfeits on time} 0-1

[Event "ICC tourney 3043 (15 5)"]
[Site "Internet Chess Club"]
[Date "2022.10.30"]
[Round "1"]
[White "ZHIJIA HUANG, ALAN:AlanHuang-W"]
[Black "CHEN JR, DORA:DoraChen-W"]
[Result "1-0"]
[ICCResult "Black forfeits on time"]
[WhiteElo "591"]
[BlackElo "162"]
[Opening "Giuoco Piano"]
[ECO "C50"]
[NIC "IG.02"]
[Time "12:41:31"]
[PlyCount "57"]
[TimeControl "900+5"]

1. e4 e5 2. Nf3 Nc6 3. Bc4 Bc5 4. O-O Nf6 5. Nc3 d6 6. h3 h6 7. a3 O-O 8. d3
Re8 9. Be3 Be6 10. Bb3 Bxb3 11. cxb3 Qd7 12. b4 Bxe3 13. fxe3 a6 14. Qb3
Rad8 15. Nd5 b5 16. Nxf6+ gxf6 17. a4 Na7 18. Qd5 bxa4 19. b3 axb3 20. Qxb3
Qb5 21. Ra5 Qb6 22. Rfa1 Rb8 23. Rxa6 Qxe3+ 24. Kh2 Qf4+ 25. Kg1 Qe3+ 26.
Kh1 Qf2 27. Rxa7 Rb5 28. Rxc7 Reb8 29. Qxf7+ {Black forfeits on time} 1-0

[Event "ICC tourney 3043 (15 5)"]
[Site "Internet Chess Club"]
[Date "2022.10.30"]
[Round "2"]
[White "IYER, NITIKA:NitikaIyer-W"]
[Black "PAN,JUNXI:JunxiPan-W"]
[Result "1-0"]
[ICCResult "Black resigns"]
[WhiteElo "787"]
[BlackElo "490"]
[Opening "Caro-Kann defense"]
[ECO "B10"]
[NIC "CK.01"]
[Time "13:06:24"]
[PlyCount "33"]
[TimeControl "900+5"]

1. e4 c6 2. Nf3 d5 3. exd5 cxd5 4. d4 Nc6 5. Bf4 Bf5 6. Nc3 e6 7. a3 Nf6 8.
Bd3 Bxd3 9. Qxd3 Be7 10. O-O-O a6 11. Ne5 Nxe5 12. Bxe5 Rc8 13. Qf3 Bd6 14.
Bxd6 Qxd6 15. Qg3 O-O 16. Qxd6 Rfd8 17. Qg3 {Black resigns} 1-0

[Event "ICC tourney 3043 (15 5)"]
[Site "Internet Chess Club"]
[Date "2022.10.30"]
[Round "2"]
[White "GONG, JONATHAN:JonathanGong-W"]
[Black "YEE, EMMA:EmmaYee-W"]
[Result "1-0"]
[ICCResult "Black checkmated"]
[WhiteElo "861"]
[BlackElo "196"]
[Opening "Scotch opening"]
[ECO "C44"]
[NIC "KP.10"]
[Time "13:06:25"]
[PlyCount "27"]
[TimeControl "900+5"]

1. e4 e5 2. Nf3 Nc6 3. d4 d6 4. dxe5 dxe5 5. Qxd8+ Kxd8 6. Bb5 Nf6 7. Nc3
Bb4 8. Bg5 Bxc3+ 9. bxc3 a6 10. Bxc6 bxc6 11. Nxe5 Ke8 12. Nxc6 Nxe4 13. Rd1
Nxg5 14. Rd8# {Black checkmated} 1-0

[Event "ICC tourney 3043 (15 5)"]
[Site "Internet Chess Club"]
[Date "2022.10.30"]
[Round "2"]
[White "YOUJIA CHEN, ROY:RoyChen-W"]
[Black "XING LIU, CLARA:ClaraLiu-W"]
[Result "1-0"]
[ICCResult "Black checkmated"]
[WhiteElo "628"]
[BlackElo "279"]
[Opening "Two knights defense (Modern bishop's opening)"]
[ECO "C55"]
[NIC "IG.01"]
[Time "13:06:15"]
[PlyCount "41"]
[TimeControl "900+5"]

1. e4 e5 2. Nf3 Nc6 3. Bc4 Nf6 4. d3 Bb4+ 5. c3 Ba5 6. b4 Bb6 7. Be3 Bxe3 8.
fxe3 O-O 9. O-O d6 10. h3 Nh5 11. d4 exd4 12. exd4 Qf6 13. Qd3 Qg6 14. Nh4
Qg5 15. Nf5 Ng3 16. Nxg3 a5 17. bxa5 Qxa5 18. Qf3 Qb6 19. Bxf7+ Rxf7 20.
Qxf7+ Kh8 21. Qf8# {Black checkmated} 1-0

[Event "ICC tourney 3043 (15 5)"]
[Site "Internet Chess Club"]
[Date "2022.10.30"]
[Round "2"]
[White "YATYUET LIN, HANNAH:HannahLin-W"]
[Black "HU, DARREN:DarrenHu-W"]
[Result "1-0"]
[ICCResult "Black checkmated"]
[WhiteElo "328"]
[BlackElo "118"]
[Opening "Queen's pawn, Mason variation"]
[ECO "D00"]
[NIC "QP.08"]
[Time "13:06:30"]
[PlyCount "49"]
[TimeControl "900+5"]

1. d4 d5 2. Bf4 Nc6 3. e3 Bf5 4. Nf3 Nb4 5. c3 Nc2+ 6. Ke2 Nxa1 7. Nbd2 Nc2
8. Nh4 e6 9. Nxf5 Bd6 10. Nxd6+ cxd6 11. Qxc2 Nf6 12. h4 O-O 13. Nf3 e5 14.
Bg3 exd4 15. exd4 Ne4 16. Kd1 Nxg3 17. fxg3 Re8 18. Bd3 Qa5 19. a3 Re6 20.
Re1 Rg6 21. Bxg6 hxg6 22. g4 f6 23. Qxg6 Qb5 24. Re7 Qxb2 25. Qxg7#
{Black checkmated}
1-0

[Event "ICC tourney 3043 (15 5)"]
[Site "Internet Chess Club"]
[Date "2022.10.30"]
[Round "2"]
[White "TIAN, ZIPENG:ZipengTian-W"]
[Black "ZHOU, JERRY:JerryZhou-W"]
[Result "1-0"]
[ICCResult "Black resigns"]
[WhiteElo "765"]
[BlackElo "211"]
[Opening "Ponziani: Jaenisch counter-attack"]
[ECO "C44"]
[NIC "KP.05"]
[Time "13:06:25"]
[PlyCount "33"]
[TimeControl "900+5"]

1. e4 e5 2. Nf3 Nc6 3. c3 Nf6 4. d4 Bd6 5. d5 Ne7 6. Bd3 c6 7. dxc6 dxc6 8.
Qb3 Be6 9. Qxb7 O-O 10. Be3 Nc8 11. Qxa8 Nb6 12. Qxa7 Qc7 13. Qxb6 Qxb6 14.
Bxb6 Rb8 15. Be3 Rxb2 16. O-O Bxa2 17. Nbd2 {Black resigns} 1-0

[Event "ICC tourney 3043 (15 5)"]
[Site "Internet Chess Club"]
[Date "2022.10.30"]
[Round "2"]
[White "ZHANG, ALINA:AlinaZhang-W"]
[Black "CHEUNG,SHARON:SharonCheung-W"]
[Result "0-1"]
[ICCResult "White checkmated"]
[WhiteElo "269"]
[BlackElo "801"]
[Opening "French defense"]
[ECO "C00"]
[NIC "FR.01"]
[Time "13:06:24"]
[PlyCount "60"]
[TimeControl "900+5"]

1. e4 e6 2. Nc3 d5 3. Bd3 Nf6 4. e5 Nfd7 5. Nf3 c5 6. O-O Nc6 7. Bb5 a6 8.
Ba4 b5 9. Bb3 c4 10. Ba4 bxa4 11. Nxa4 Ncxe5 12. Nxe5 Nxe5 13. b3 Bd6 14.
bxc4 Nxc4 15. d3 Nb6 16. Nxb6 Qxb6 17. Be3 Qc7 18. Qd2 Bxh2+ 19. Kh1 Bd6 20.
c3 O-O 21. d4 Qe7 22. Bg5 f6 23. Bf4 Bxf4 24. Qxf4 e5 25. dxe5 fxe5 26. Qe3
Qh4+ 27. Qh3 Bxh3 28. gxh3 Qxh3+ 29. Kg1 Rf6 30. Rab1 Rg6# {White
checkmated} 0-1

[Event "ICC tourney 3043 (15 5)"]
[Site "Internet Chess Club"]
[Date "2022.10.30"]
[Round "2"]
[White "AMY SONG, XINWEI:AmySong-W"]
[Black "RUNNAN FAN, LYDIA:LydiaFan-W"]
[Result "1-0"]
[ICCResult "Black checkmated"]
[WhiteElo "398"]
[BlackElo "176"]
[Opening "Two knights defense"]
[ECO "C55"]
[NIC "IG.01"]
[Time "13:06:18"]
[PlyCount "67"]
[TimeControl "900+5"]

1. e4 e5 2. Nf3 Nc6 3. Bc4 Nf6 4. O-O Bb4 5. Nc3 O-O 6. Nd5 Nxd5 7. Bxd5 d6
8. h3 Bf5 9. exf5 g6 10. fxg6 hxg6 11. c3 Ba5 12. d4 Ne7 13. Bxb7 Rb8 14.
Be4 d5 15. Bd3 e4 16. Bxe4 dxe4 17. Ng5 f5 18. b4 Bb6 19. Ne6 Qe8 20. Nxf8
Qxf8 21. Bg5 Nd5 22. Rc1 Rd8 23. a4 Nxc3 24. Rxc3 Bxd4 25. Bxd8 Bxc3 26.
Bxc7 Qf7 27. Qd8+ Kh7 28. Rd1 f4 29. Rd7 Kg7 30. Rxf7+ Kxf7 31. Bxf4 a6 32.
Qc7+ Kf6 33. Qxc3+ Kf5 34. Qe5# {Black checkmated} 1-0

[Event "ICC tourney 3043 (15 5)"]
[Site "Internet Chess Club"]
[Date "2022.10.30"]
[Round "2"]
[White "TIANYU SONG, RICHARD:RichardSong-W"]
[Black "SHANYUAN LI, SIMON:SimonLi-W"]
[Result "0-1"]
[ICCResult "White checkmated"]
[WhiteElo "264"]
[BlackElo "622"]
[Opening "Giuoco Piano: four knights variation"]
[ECO "C47"]
[NIC "KP.06"]
[Time "13:06:17"]
[PlyCount "56"]
[TimeControl "900+5"]

1. e4 e5 2. Nf3 Nc6 3. Nc3 Nf6 4. Bc4 Bc5 5. Bb5 d6 6. Bc4 Bg4 7. h4 Nd4 8.
Ne2 Bxf3 9. gxf3 Nxe2 10. Qxe2 O-O 11. Rg1 c6 12. Qf1 b5 13. Bxb5 cxb5 14.
Qg2 g6 15. d3 Qa5+ 16. c3 b4 17. Bh6 Rfe8 18. Qg5 Re6 19. Rc1 bxc3 20. bxc3
Qxa2 21. Rf1 Qb2 22. c4 Bb4+ 23. Kd1 Qb3+ 24. Rc2 Qxd3+ 25. Kc1 Ba3+ 26. Kb1
Rb8+ 27. Ka2 Qxc2+ 28. Kxa3 Qb3# {White checkmated} 0-1

[Event "ICC tourney 3043 (15 5)"]
[Site "Internet Chess Club"]
[Date "2022.10.30"]
[Round "2"]
[White "TIAN, RICHARD:RichardTian-W"]
[Black "HU, SHIRLEY:ShirleyHu-W"]
[Result "0-1"]
[ICCResult "White checkmated"]
[WhiteElo "138"]
[BlackElo "380"]
[Opening "Giuoco Pianissimo"]
[ECO "C50"]
[NIC "IG.02"]
[Time "13:06:29"]
[PlyCount "60"]
[TimeControl "900+5"]

1. e4 e5 2. Nf3 Nc6 3. Bc4 Bc5 4. d3 h6 5. O-O Nf6 6. h3 d6 7. Nc3 O-O 8.
Re1 Be6 9. Bxe6 fxe6 10. Be3 Bxe3 11. Rxe3 d5 12. exd5 exd5 13. Nxe5 d4 14.
Re4 Nxe5 15. Rxe5 dxc3 16. bxc3 Nd7 17. Rf5 Rxf5 18. Qg4 Qf6 19. Qa4 Nc5 20.
Qd4 Qxd4 21. cxd4 Ne6 22. c4 Nxd4 23. g4 Nf3+ 24. Kg2 Rf4 25. Kg3 Raf8 26.
Rd1 Nd4 27. c5 Rf3+ 28. Kg2 Rxf2+ 29. Kg1 Nf3+ 30. Kh1 Rh2# {White
checkmated} 0-1

[Event "ICC tourney 3043 (15 5)"]
[Site "Internet Chess Club"]
[Date "2022.10.30"]
[Round "2"]
[White "XIE, RICKY:RickyXie-W"]
[Black "TIAN, RENA:RenaTian-W"]
[Result "1-0"]
[ICCResult "Black checkmated"]
[WhiteElo "393"]
[BlackElo "151"]
[Opening "Vienna gambit"]
[ECO "C29"]
[NIC "VG.04"]
[Time "13:06:28"]
[PlyCount "47"]
[TimeControl "900+5"]

1. e4 e5 2. Nc3 Nf6 3. f4 exf4 4. e5 Ng8 5. Nf3 d6 6. d4 Nc6 7. Bb5 Bf5 8.
Bxf4 Be7 9. d5 Nh6 10. dxc6 O-O 11. Bxh6 Re8 12. cxb7 Rb8 13. Bxe8 Rxb7 14.
Bc6 Rb4 15. Nd5 Bh4+ 16. g3 Bg5 17. Bxg5 h6 18. Bxd8 Bg4 19. Bxc7 Re4+ 20.
Kf2 dxe5 21. Ne7+ Kf8 22. Bxe4 Kxe7 23. Qd6+ Ke8 24. Qd8# {Black checkmated}
1-0

[Event "ICC tourney 3043 (15 5)"]
[Site "Internet Chess Club"]
[Date "2022.10.30"]
[Round "2"]
[White "SUANYU LI, RYAN:RyanLi-W"]
[Black "LI, BENNETT:BennettLi-W"]
[Result "0-1"]
[ICCResult "White checkmated"]
[WhiteElo "286"]
[BlackElo "757"]
[Opening "Giuoco Pianissimo"]
[ECO "C55"]
[NIC "IG.01"]
[Time "13:06:26"]
[PlyCount "34"]
[TimeControl "900+5"]

1. e4 e5 2. Nf3 Nc6 3. Bc4 Nf6 4. d3 Bc5 5. Ng5 d5 6. exd5 Na5 7. Bd2 Nxc4
8. dxc4 h6 9. Nf3 Bg4 10. O-O e4 11. h3 Bh5 12. g4 Nxg4 13. hxg4 Bxg4 14.
Qe1 Bxf3 15. Be3 Bxe3 16. fxe3 Qg5+ 17. Kf2 Qg2# {White checkmated} 0-1

[Event "ICC tourney 3043 (15 5)"]
[Site "Internet Chess Club"]
[Date "2022.10.30"]
[Round "2"]
[White "XIA, RYAN:RyanXia-W"]
[Black "YOUZHUO, RAYMOND:Raymondshi-W"]
[Result "0-1"]
[ICCResult "White checkmated"]
[WhiteElo "586"]
[BlackElo "872"]
[Opening "two knights defense: Fritz variation"]
[ECO "C57"]
[NIC "KP.01"]
[Time "13:06:21"]
[PlyCount "38"]
[TimeControl "900+5"]

1. e4 e5 2. Nf3 Nc6 3. Bc4 Nf6 4. Ng5 d5 5. exd5 Nd4 6. c3 Nf5 7. Qf3 h6 8.
Ne4 Nxe4 9. Qxe4 Bd6 10. d4 O-O 11. O-O exd4 12. cxd4 Re8 13. Qf3 Nxd4 14.
Qd3 c5 15. Nc3 Bf5 16. Qd1 Qh4 17. h3 Bxh3 18. Qd3 Bxg2 19. Kxg2 Qh2#
{White checkmated}
0-1

[Event "ICC tourney 3043 (15 5)"]
[Site "Internet Chess Club"]
[Date "2022.10.30"]
[Round "2"]
[White "CHONG, JACK:JackChong-W"]
[Black "SHANGYUAN TAO, SAM:SamTao-W"]
[Result "0-1"]
[ICCResult "White checkmated"]
[WhiteElo "803"]
[BlackElo "501"]
[Opening "French: advance, Paulsen attack"]
[ECO "C02"]
[NIC "FR.03"]
[Time "13:06:23"]
[PlyCount "74"]
[TimeControl "900+5"]

1. e4 e6 2. d4 d5 3. e5 c5 4. c3 Nc6 5. Nf3 Qb6 6. Be3 Qxb2 7. Nbd2 Qxc3 8.
Be2 Qa5 9. O-O Qb6 10. Rb1 Qc7 11. Bb5 cxd4 12. Nxd4 Bd7 13. Nxc6 Bxc6 14.
Rb4 Bxb4 15. Bxc6+ bxc6 16. Qa4 Bxd2 17. Bxd2 Ne7 18. Bb4 O-O 19. Bxe7 Qxe7
20. Qxc6 h6 21. Qc2 Rac8 22. Qd3 Qg5 23. f4 Qf5 24. Qf3 Qe4 25. Qg3 Qg6 26.
Qf3 Rc2 27. a3 Rb8 28. g3 Qe4 29. Qxe4 dxe4 30. Rd1 Kh7 31. Kf1 Rbb2 32. Ke1
Rxh2 33. Rd2 Rhxd2 34. Kf1 Ra2 35. Ke1 e3 36. f5 Rxa3 37. fxe6 Ra1#
{White checkmated}
0-1

[Event "ICC tourney 3043 (15 5)"]
[Site "Internet Chess Club"]
[Date "2022.10.30"]
[Round "2"]
[White "SHOU, WYATT:WyattShou-W"]
[Black "KAIZHE HSIAO, LUCAS:LucasHsiao-W"]
[Result "0-1"]
[ICCResult "White resigns"]
[WhiteElo "203"]
[BlackElo "412"]
[Opening "Four knights: Italian variation"]
[ECO "C47"]
[NIC "KP.06"]
[Time "13:06:27"]
[PlyCount "120"]
[TimeControl "900+5"]

1. e4 e5 2. Nf3 Nc6 3. Nc3 Nf6 4. Bc4 Bb4 5. a3 Bxc3 6. dxc3 O-O 7. O-O d6
8. Bg5 h6 9. Bh4 Be6 10. Bxe6 fxe6 11. h3 d5 12. exd5 exd5 13. b3 e4 14. Ne1
Re8 15. c4 dxc4 16. bxc4 Qxd1 17. Rxd1 Rad8 18. Bxf6 gxf6 19. Rxd8 Rxd8 20.
f3 exf3 21. Rxf3 Rd1 22. Kf1 Nd4 23. Rxf6 Nxc2 24. Re6 Kf7 25. Re4 c5 26.
Kg1 Nxe1 27. Rf4+ Ke6 28. Re4+ Kf5 29. Re2 b6 30. Kf1 Nc2+ 31. Kf2 Kf4 32.
Rxc2 a6 33. Ke2 Rd8 34. Rd2 Rxd2+ 35. Kxd2 Ke4 36. Kc3 Ke5 37. g4 Kf4 38.
Kd3 Kg3 39. Ke4 Kxh3 40. Kd5 Kxg4 41. Kc6 h5 42. Kxb6 h4 43. Kxc5 h3 44. Kd4
h2 45. c5 h1=Q 46. c6 Qg1+ 47. Ke4 Qe1+ 48. Kd3 Kf4 49. c7 Qe3+ 50. Kc4 Qe4+
51. Kc5 Qe5+ 52. Kb6 Qe6+ 53. Kb7 Qb3+ 54. Kc6 Qc3+ 55. Kd6 Qxa3+ 56. Kd7
Qd3+ 57. Kc6 Qg6+ 58. Kb7 Qe4+ 59. Kxa6 Qc6+ 60. Ka5 Qxc7+ {White resigns}
0-1

[Event "ICC tourney 3043 (15 5)"]
[Site "Internet Chess Club"]
[Date "2022.10.30"]
[Round "2"]
[White "LIU, CLARK:ClarkLiu-W"]
[Black "YEE, SAMANTHA:SamanthaYee-W"]
[Result "0-1"]
[ICCResult "White checkmated"]
[WhiteElo "222"]
[BlackElo "453"]
[Opening "Four knights: Spanish variation"]
[ECO "C48"]
[NIC "KP.03"]
[Time "13:06:17"]
[PlyCount "90"]
[TimeControl "900+5"]

1. e4 e5 2. Nf3 Nc6 3. Nc3 Nf6 4. Bb5 Bd6 5. Bxc6 dxc6 6. O-O Be6 7. d3 h6
8. d4 Nd7 9. dxe5 Nxe5 10. Nxe5 Bxe5 11. Qxd8+ Rxd8 12. Rd1 Rxd1+ 13. Nxd1
O-O 14. a4 Rd8 15. Be3 a6 16. Ba7 b6 17. Ra3 Ra8 18. Rd3 Bf6 19. e5 Bxe5 20.
a5 Rxa7 21. Rd8+ Kh7 22. axb6 cxb6 23. Ne3 Bf6 24. Rb8 b5 25. h3 Be5 26. Ng4
Bxb8 27. f4 Bxf4 28. c4 bxc4 29. b4 c3 30. Nf2 c2 31. Nd3 c1=Q+ 32. Nxc1
Bxc1 33. b5 cxb5 34. g4 Rd7 35. h4 Rd2 36. h5 b4 37. g5 Bc4 38. g6+ fxg6 39.
hxg6+ Kxg6 40. Kh1 b3 41. Kg1 Ra2 42. Kh1 Bd5+ 43. Kg1 Be3+ 44. Kf1 b2 45.
Ke1 b1=Q# {White checkmated} 0-1

[Event "ICC tourney 3043 (15 5)"]
[Site "Internet Chess Club"]
[Date "2022.10.30"]
[Round "2"]
[White "ZHEN JR, DANIEL:DanielZhen-W"]
[Black "FAN, RAPHAEL:RaphaelFan-W"]
[Result "1-0"]
[ICCResult "Black checkmated"]
[WhiteElo "470"]
[BlackElo "267"]
[Opening "King's pawn game"]
[ECO "C50"]
[NIC "IG.03"]
[Time "13:06:16"]
[PlyCount "77"]
[TimeControl "900+5"]

1. e4 e5 2. Nf3 Nc6 3. Bc4 h6 4. Nc3 Nf6 5. d3 Bb4 6. Bd2 Bxc3 7. Bxc3 O-O
8. O-O d6 9. h3 d5 10. exd5 Nxd5 11. d4 Nxc3 12. bxc3 Re8 13. dxe5 Nxe5 14.
Nxe5 Rxe5 15. Qxd8+ Kh7 16. Bd3+ Bf5 17. Qxc7 Bxd3 18. cxd3 Ree8 19. Qxb7
Rad8 20. Qb5 a6 21. Qf5+ g6 22. Qf6 Rxd3 23. Qxf7+ Kh8 24. Qxe8+ Kg7 25.
Rfe1 Kf6 26. Re6+ Kf5 27. g4+ Kf4 28. Rae1 Rg3+ 29. fxg3+ Kxg3 30. R6e4 Kxh3
31. Qf7 Kh4 32. Re5 g5 33. R1e2 h5 34. Rf2 hxg4 35. Re3 g3 36. Re4+ Kh3 37.
Qg7 gxf2+ 38. Kxf2 a5 39. Qh6# {Black checkmated} 1-0